 Dungeon Crawl Stone Soup version 0.19.1 (webtiles) character file.

43 M4edhros the Grave Robber (level 3, -1/24 HPs)
             Began as an Octopode Necromancer on Dec 10, 2016.
             Slain by a bullfrog skeleton (7 damage)
             ... on level 5 of the Dungeon.
             The game lasted 00:03:07 (441 turns).

M4edhros the Grave Robber (Octopode Necromancer)     Turns: 441, Time: 00:03:09

Health: -1/24      AC:  1    Str:  6 (7)  XL:     3   Next: 58%
Magic:  6/6        EV: 11    Int: 16 (17) God:
Gold:   64         SH:  8    Dex: 12 (13) Spells: 2 memorised, 2 levels left

rFire  . . .     SeeInvis .       - Unarmed
rCold  . . .     Gourm    .     h - +2 shield
rNeg   . . .     Faith    +     (helmet restricted)
rPois  .         Spirit   .     f - amulet of faith
rElec  .         Reflect  .     (no ring)
rCorr  .         Harm     .     (no ring)
MR     .....                    (no ring)
Stlth  +++.......               (no ring)
                                (no ring)
                                (no ring)
                                (no ring)
                                (no ring)

@: no status effects
A: almost no armour, stealthy swim, amphibious, 8 rings, constrict 8, camouflage
1, gelatinous body 1
a: no special abilities


You were on level 5 of the Dungeon.
You were not hungry.

You visited 1 branch of the dungeon, and saw 5 of its levels.

You collected 64 gold pieces.

Inventory:

Armour
 h - a +2 shield (worn)
Jewellery
 f - an amulet of faith (around mantle)
Wands
 k - a wand of confusion (25/48)
Scrolls
 d - a scroll of remove curse {unknown}
 e - a scroll of identify {unknown}
 g - a scroll of fear {unknown}
 i - a scroll of magic mapping {unknown}
 m - a scroll of enchant weapon {unknown}
Books
 a - a book of Necromancy

   Spells                             Type                      Level
   a - Pain                           Necromancy                   1
   b - Animate Skeleton               Necromancy                   1
   c - Vampiric Draining              Necromancy                   3
   d - Regeneration                   Charms/Necromancy            3
   e - Animate Dead                   Necromancy                   4
   f - Control Undead                 Necromancy                   4
Comestibles
 b - a bread ration
 c - a beef jerky


   Skills:
 + Level 1.7 Fighting
 + Level 2.6 Dodging
 - Level 2.6 Stealth
 * Level 0.4 Shields
 * Level 1.3 Unarmed Combat
 - Level 2.0 Spellcasting
 - Level 4.0 Necromancy


You had 2 spell levels left.
You knew the following spells:

 Your Spells              Type           Power        Failure   Level  Hunger
a - Pain                  Necr           ##..         28%         1    #......
b - Regeneration          Chrm/Necr      #.........   99%         3    ###....


Dungeon Overview and Level Annotations

Branches:
Dungeon (5/15)
 Temple: D:4-7

Altars:


Innate Abilities, Weirdness & Mutations

You cannot wear most types of armour.
You are very stealthy in the water. (Stealth+)
You are amphibious.
You can wear up to eight rings at the same time.
You can use your tentacles to constrict eight enemies at once.
Your skin changes colour to match your surroundings (Stealth+).
Your rubbery body absorbs attacks. (AC +1, EV +1)


Message History

The bullfrog skeleton is heavily damaged.
You constrict the bullfrog skeleton. The bullfrog skeleton hits you.
* * * LOW HITPOINT WARNING * * *
The bullfrog skeleton hits you.
* * * LOW HITPOINT WARNING * * *
It was a potion of degeneration.
There was something very wrong with that liquid.
You feel weakened.
You feel dopey.
You feel clumsy.
You constrict the bullfrog skeleton. The bullfrog skeleton hits you.
* * * LOW HITPOINT WARNING * * *
It was a potion of curing.
You feel better.
You constrict the bullfrog skeleton.
The bullfrog skeleton hits you but does no damage.
Your shield prevents you from hitting the bullfrog skeleton.
You squeeze the bullfrog skeleton.
The bullfrog skeleton is severely damaged.
You constrict the bullfrog skeleton. The bullfrog skeleton hits you.
* * * LOW HITPOINT WARNING * * *
The bullfrog skeleton hits you!
You die...

######## #..@...#
......Z..#.#
.#.##.##(#.########
#. #..........# #
###..####..#
#..####..#
....##....#
####.##.#.##
######.##.#.#


You could see a bullfrog skeleton.

Vanquished Creatures
  Terence (D:3)
  A dart slug (D:4)
  A leopard gecko (D:3)
  A bat (D:3)
  2 goblins
  2 hobgoblins
  A quokka (D:3)
  3 frilled lizards
  A jackal skeleton (D:4)
  A kobold (D:3)
  2 rats
16 creatures vanquished.

Notes
Turn   | Place    | Note
-------+----------+-------------------------------------------
     0 | D:1      | M4edhros the Octopode Necromancer began the quest for the Orb.
     0 | D:1      | Reached XP level 1. HP: 11/11 MP: 3/3
   224 | D:2      | Reached XP level 2. HP: 12/18 MP: 1/5
   244 | D:3      | Noticed Terence
   254 | D:3      | Killed Terence
   254 | D:3      | Reached skill level 1 in Fighting
   254 | D:3      | Reached skill level 1 in Unarmed Combat
   254 | D:3      | Reached XP level 3. HP: 23/23 MP: 4/6
   263 | D:3      | Learned a level 3 spell: Regeneration
   411 | D:5      | Entered Level 5 of the Dungeon
   441 | D:5      | Slain by a bullfrog skeleton

Skill      XL: |  1  2 |
---------------+-------+-----
Fighting       | 1 |  1.7
Unarmed Combat | 1 |  1.3
Dodging        | |  2.6
Stealth        | |  2.6
Shields        | |  0.4
Spellcasting   | |  2.0
Necromancy     | |  4.0

Action                   || total
-------------------------++-------
Melee: Unarmed           ||    43
       Constrict         ||    10
       Tentacles         ||    10
 Cast: Pain              ||    10
       Regeneration      ||     4
  Use: Potion            ||     4
 Stab: Sleeping          ||     3
Armor: Skin              ||     3
Dodge: Dodged            ||    11
Block: Shield            ||     3
